 Dungeon Crawl Stone Soup version 0.14-a0-2950-gbe29d66 (webtiles) character file.

1938 Kae the Covert (level 8, -3/36 HPs)
             Began as a Spriggan Enchanter on Mar 4, 2014.
             Was an Initiate of Dithmenos.
             Slain by a hill giant
             ... wielding a +0,+0 giant club
              (10 damage)
             ... on Level 6 of the Dungeon.
             The game lasted 00:09:57 (7028 turns).

Kae the Covert (Spriggan Enchanter)                 Turns: 7028, Time: 00:09:57

HP  -3/36        AC  3     Str  6      XL: 8   Next: 76%
MP  17/24        EV 19     Int 17      God: Dithmenos [......]
Gold 202         SH  0     Dex 16      Spells:  3 memorised, 12 levels left

rFire  . . .     SeeInvis +     a - +1 dagger
rCold  . . .     Clarity  .     b - +1 robe
rNeg   . . .     Conserve .     (shield restricted)
rPois  +         rCorr    .     (helmet restricted)
rElec  .         rRot     .     (no cloak)
SustAb . .       Spirit   .     (gloves unavailable)
rMut   .         Warding  .     (boots unavailable)
Saprov . . .     Stasis   .     (no amulet)
MR     +....                    t - ring of poison resistance {unknown}
                                x - +1 ring of evasion

@: very quick, somewhat resistant to hostile enchantments, extremely stealthy
A: unfitting armour, see invisible, herbivore 3, speed 3, slow metabolism 2
a: Renounce Religion


You were on level 6 of the Dungeon.
You worshipped Dithmenos.
Dithmenos was noncommittal.
You were not hungry.

You visited 2 branches of the dungeon, and saw 7 of its levels.

You collected 286 gold pieces.
You spent 84 gold pieces at shops.

Inventory:

Hand weapons
 a - a +1,+1 dagger (weapon)
Missiles
 d - 10 darts (quivered)
Armour
 b - a +1 robe (worn)
Magical devices
 u - a wand of slowing (11) {unknown}
 z - a wand of magic darts (6) {unknown}
Comestibles
 k - a choko
 o - 4 bread rations
 B - a pear
Scrolls
 f - 11 scrolls of identify {unknown}
 g - 4 scrolls of remove curse {unknown}
 h - a scroll of magic mapping {unknown}
 p - a scroll of immolation {unknown}
 q - 3 scrolls of fog {unknown}
 r - 5 scrolls of teleportation {unknown}
 v - a scroll of amnesia {unknown}
 y - a scroll of enchant weapon II {unknown}
 C - a scroll of recharging {unknown}
Jewellery
 i - an uncursed ring of protection from cold {unknown}
 l - a cursed ring of teleportation {unknown}
 n - an uncursed amulet of rage {unknown}
 s - an uncursed ring of regeneration
 t - a ring of poison resistance (right hand) {unknown}
 x - a +1 ring of evasion (left hand)
Potions
 e - 4 potions of curing
 j - a potion of heal wounds
 m - a potion of poison
 w - a potion of brilliance {unknown}
 A - 2 potions of mutation
Books
 c - a book of Maledictions

   Spells                             Type                      Level
   *Corona                            Hexes                        1
   Sure Blade                         Hexes/Charms                 2
   *Ensorcelled Hibernation           Hexes/Ice                    2
   *Confuse                           Hexes                        3
   Enslavement                        Hexes                        4
   Invisibility                       Hexes                        6


   Skills:
 * Level 7.1 Short Blades
 - Level 1.1 Throwing
 - Level 3.0 Dodging
 * Level 10.6 Stealth
 + Level 5.7 Spellcasting
 + Level 6.7 Hexes


You had 12 spell levels left.
You knew the following spells:

 Your Spells              Type           Power        Failure   Level  Hunger
a - Corona                Hex            ####...      1%          1    None
b - Ensorcelled Hibernat  Hex/Ice        ###...       6%          2    None
c - Confuse               Hex            ####....     2%          3    ###....


Dungeon Overview and Level Annotations

Branches:
Dungeon (6/16)             Temple (1/1) D:6

Altars:
Ashenzari
Cheibriados
Dithmenos
Elyvilon
Fedhas
Kikubaaqudgha
Nemelex Xobeh
Okawaru
Sif Muna
Trog
Vehumet
Yredelemnul
Zin
The Shining One

Shops:
D:4 !


Innate Abilities, Weirdness & Mutations

You are tiny and cannot use many weapons and most armour.
You have supernaturally acute eyesight.
You are a herbivore.
You cover ground extremely quickly.
You need consume almost no food.


Message History

Aim: a ball python The ball python looks drowsy...
The helpless ball python fails to defend itself.
You carve the ball python like a ham!!!
You kill the ball python!
Dithmenos accepts your kill.
Casting: Ensorcelled Hibernation
Confirm with . or Enter, or press ? or * to list all spells.
Aiming: Ensorcelled Hibernation
Press: ? - help, Shift-Dir - straight line, f - hill giant
Aim: a hill giant, wielding a giant club (lightly wounded)
The hill giant resists with almost no effort.
Casting: Ensorcelled Hibernation
Confirm with . or Enter, or press ? or * to list all spells.
Aiming: Ensorcelled Hibernation
Press: ? - help, Shift-Dir - straight line, f/p - hill giant
Aim: a hill giant, wielding a giant club (lightly wounded)
The hill giant resists with almost no effort.
The hill giant hits you with a giant club!
You die...

#################
#...............#
#.#############.#
#.# ###### #.##
#.# ......# #.#.
#.# ...[..# #.#.
#.# ......# #.#.
#@####......#
#.#.
+.C.%.......#
#.#.
######......#
#.#. ......# #...
......# ###.
......# #. ......
#. [.... #. ....
#.


You could see a hill giant.

Vanquished Creatures
  Prince Ribbit (D:5)
  3 ogres
  2 sky beasts
  An ice beast (D:5)
  2 centaurs (D:6)
  Blork the orc (D:4)
  3 killer bees (D:6)
  2 orc priests
  A giant frog zombie (D:5)
  3 hounds
  A scorpion (D:6)
  2 iguanas
  4 orc wizards
  2 worker ants (D:4)
  Jessica (D:3)
  An ogre skeleton (D:4)
  6 adders
  An inept feature mimic (D:2)
  A scorpion zombie (D:5)
  An adder skeleton (D:6)
  7 giant geckos
  16 orcs
  A ball python (D:6)
  7 giant cockroaches
  14 goblins
  14 hobgoblins
  15 kobolds
  3 quokkas
  9 bats
  6 giant newts
  A hobgoblin skeleton (D:6)
  2 hobgoblin zombies (D:5)
  14 rats
  A rat skeleton (D:4)
149 creatures vanquished.

Notes
Turn   | Place    | Note
--------------------------------------------------------------
     0 | D:1      | Kae, the Spriggan Enchanter, began the quest for the Orb.
     0 | D:1      | Reached XP level 1. HP: 9/9 MP: 4/4
   256 | D:1      | Reached XP level 2. HP: 4/13 MP: 3/7
   808 | D:2      | Reached skill level 4 in Hexes
   893 | D:2      | Found an ancient bone altar of Kikubaaqudgha.
   893 | D:2      | Found a white marble altar of Elyvilon.
  1092 | D:2      | Reached XP level 3. HP: 14/16 MP: 9/9
  2005 | D:2      | Learned a level 2 spell: Ensorcelled Hibernation
  2009 | D:2      | Learned a level 3 spell: Confuse
  2420 | D:3      | Noticed Jessica
  2431 | D:3      | Killed Jessica
  2431 | D:3      | Reached XP level 4. HP: 19/21 MP: 9/13
  2967 | D:3      | Reached skill level 5 in Stealth
  2967 | D:3      | Reached XP level 5. HP: 16/24 MP: 11/16
  4014 | D:4      | Reached XP level 6. HP: 28/28 MP: 15/18
  4106 | D:4      | Reached skill level 6 in Stealth
  4193 | D:4      | Found Kecwuusi's Distillery.
  4198 | D:4      | Bought 2 potions of mutation for 60 gold pieces
  4198 | D:4      | Bought a potion of curing for 24 gold pieces
  4421 | D:4      | Noticed Blork the orc
  4442 | D:4      | Noticed an ogre
  4453 | D:4      | Killed an ogre
  4453 | D:4      | Reached skill level 5 in Hexes
  4514 | D:4      | Killed Blork the orc
  4669 | D:5      | Entered Level 5 of the Dungeon
  4669 | D:5      | Noticed Prince Ribbit
  4670 | D:5      | Reached skill level 7 in Stealth
  4678 | D:5      | Killed Prince Ribbit
  4678 | D:5      | Reached skill level 5 in Short Blades
  4678 | D:5      | Reached XP level 7. HP: 32/32 MP: 16/21
  4680 | D:5      | Reached skill level 8 in Stealth
  5638 | D:5      | Reached XP level 8. HP: 24/36 MP: 14/23
  5768 | D:5      | Reached skill level 9 in Stealth
  5874 | D:5      | Reached skill level 5 in Spellcasting
  6335 | D:6      | Reached skill level 10 in Stealth
  6738 | D:6      | Found a staircase to the Ecumenical Temple.
  6748 | Temple   | Entered the Ecumenical Temple
  6801 | Temple   | Became a worshipper of Dithmenos
  7011 | D:6      | Noticed a hill giant
  7028 | D:6      | Slain by a hill giant

Action                   |  1- 3 |  4- 6 |  7- 9 || total
-------------------------+-------+-------+-------++-------
Melee: Dagger            |   186 |   135 |   143 ||   464
Throw: Dart              |     6 |       |     8 ||    14
 Cast: Corona            |     3 |       |       ||     3
       Ensorcelled Hiber |     2 |    29 |    41 ||    72
       Confuse           |       |       |     2 ||     2
  Use: Potion            |       |     7 |       ||     7
 Stab: Sleeping          |    11 |    33 |    39 ||    83
       Distracted        |       |     2 |       ||     2
       Confused          |       |       |     1 ||     1
